 Dungeon Crawl Stone Soup version 0.23-a0-394-g6ce9549 (webtiles) character file.

3142 Dawnplanks the Spear-Bearer (level 9, 0/78 HPs)
             Began as a Centaur Chaos Knight on Oct 31, 2018.
             Was a Plaything of Xom.
             Slain by a killer bee (8 damage)
             ... on level 8 of the Dungeon.
             The game lasted 00:27:12 (8038 turns).

Dawnplanks the Spear-Bearer (Centaur Chaos Knight)  Turns: 8038, Time: 00:27:13

Health: 0/78       AC:  9    Str: 24      XL:     9   Next: 61%
Magic:  9/9        EV: 10    Int:  6      God:    Xom [...*..]
Gold:   991        SH:  4    Dex: 12 (13) Spells: 5/8 levels left

rFire    . . .     SeeInvis .   d - +0 trident (freeze)
rCold    . . .     Gourm    .   D - +0 buckler
rNeg     + . .     Faith    .   J - +1 ring mail of Midsummer {rPois rN+ Str+4 Int-5}
rPois    +         Spirit   .   (helmet restricted)
rElec    .         Reflect  .   (no cloak)
rCorr    .         Harm     .   (no gloves)
MR       .....                  (no barding)
Stlth    ..........             u - amulet of Piax {RegenMP *Slow Str+6}
HPRegen  0.23/turn              i - +2 ring of strength
MPRegen  0.36/turn              (no ring)

@: very quick
A: large, hooves 3, horns 1, molten scales 1, blurry vision 1, deformed body,
deterioration 1, speed 3, tough skin 3, weak 1
a: Renounce Religion


You were on level 8 of the Dungeon.
You worshipped Xom.
You were a favourite toy of Xom.
You were not hungry.

You visited 2 branches of the dungeon, and saw 9 of its levels.
You also visited: Ossuary.

You collected 1144 gold pieces.
You spent 153 gold pieces at shops.

Inventory:

Hand Weapons
 a - a +0 spear of chaos
 d - a +0 trident of freezing (weapon)
 C - a +0 whip of electrocution
Missiles
 m - 8 throwing nets (quivered)
Armour
 D - a +0 buckler (worn)
 G - a +2 robe of fire resistance
 J - the +1 ring mail of Midsummer (worn) {rPois rN+ Str+4 Int-5}
   (You found it on level 7 of the Dungeon)

   It affects your strength (+4).
   It affects your intelligence (-5).
   It protects you from poison.
   It protects you from negative energy.
Jewellery
 i - a +2 ring of strength (left hand)
 u - the amulet of Piax (around neck) {RegenMP *Slow Str+6}
   (Xom gifted it to you on level 4 of the Dungeon)

   [amulet of magic regeneration]

   It increases your magic regeneration.
   It affects your strength (+6).
   It may slow you when you take damage.
Wands
 p - a wand of enslavement (11)
 q - a wand of scattershot (5)
 v - a wand of polymorph (6)
 F - a wand of disintegration (2)
Scrolls
 b - a scroll of teleportation {unknown}
 g - 2 scrolls of magic mapping {unknown}
 h - a scroll of enchant weapon {unknown}
 l - 4 scrolls of amnesia {unknown}
 o - a scroll of enchant armour {unknown}
 s - a scroll of remove curse
 w - 2 scrolls of blinking {unknown}
 x - a scroll of holy word {unknown}
 y - a scroll of random uselessness {unknown}
 K - a scroll of identify
Potions
 e - 3 potions of curing
 f - 4 potions of lignification
 j - a potion of magic
 k - 4 potions of flight {unknown}
 n - 2 potions of degeneration
 r - 6 potions of haste {unknown}
 t - 3 potions of heal wounds
 z - a potion of ambrosia
 B - a potion of invisibility {unknown}
 E - a potion of cancellation {unknown}
 I - a potion of might
Miscellaneous
 A - a lamp of fire
Comestibles
 c - 11 rations
 H - 3 chunks of flesh


   Skills:
 + Level 6.9 Fighting
 + Level 9.3 Polearms
 + Level 3.8 Armour
 + Level 3.6 Dodging
 * Level 1.4 Shields


You had 5 spell levels left.
You knew the following spells:

 Your Spells              Type           Power        Failure   Level  Hunger
a - Mephitic Cloud        Conj/Pois/Air  #.......     95%         3    ####...

Your spell library contained the following spells:

 Spells                   Type           Power        Failure   Level  Hunger
 Flame Tongue             Conj/Fire      #....        67%         1    ##.....
 Sting                    Conj/Pois      #...         67%         1    ##.....
 Poisonous Vapours        Pois/Air       #.....       80%         2    ###....
 Throw Flame              Conj/Fire      #.....       80%         2    ###....
 Inner Flame              Hex/Fire       #.......     95%         3    ####...
 Alistair's Intoxication  Tmut/Pois      #.......     100%        5    ######.
 Ring of Flames           Chrm/Fire      #.........   100%        7    #######


Dungeon Overview and Level Annotations

Branches:
Dungeon (8/15)             Temple (1/1) D:5
   Lair: D:8-11

Altars:
Ashenzari
Cheibriados
Dithmenos
Nemelex Xobeh
Uskayaw
Xom
Yredelemnul
The Shining One

Shops:
D:5 [   D:6 *


Innate Abilities, Weirdness & Mutations

You have hooves in place of feet.
Armour fits poorly on your strangely shaped body.
You cover ground extremely quickly.
You have extremely tough skin. (AC +3)
You have a pair of small horns on your head.
You are partially covered in molten scales. (AC +2)
Scrolls take you a little longer to read.
Your body sometimes deteriorates upon taking damage.
You are weak. (Str -2)


Message History

* * * LOW HITPOINT WARNING * * *
The killer bee stings you but does no damage.
The killer bee stings you.
* * * LOW HITPOINT WARNING * * *
Attack whom?
Press: ? - help, Dir - move target cursor, f/p - killer bee
Aim: a killer bee (severely wounded, berserk, fast, unusually strong)
You miss the killer bee. Your kick misses the killer bee.
The killer bee is severely wounded.
The killer bee stings you.
* * * LOW HITPOINT WARNING * * *
The killer bee closely misses you.
Attack whom?
Press: ? - help, Dir - move target cursor, f/p - killer bee
Aim: a killer bee (severely wounded, berserk, fast, unusually strong)
You miss the killer bee. Your kick misses the killer bee.
The killer bee is severely wounded.
The killer bee completely misses you. The killer bee stings you!
You die... "Huh?
Did I miss anything?"

##....#...#
+.....+...#
#...##...#
#..(##...+
#§..y#...#
##+##.<§.§...#
........§##...#
........§##...#
......§..y@...#
..........)...#
#...##...##)..# ####
#...##...#
#....+....#
#<...#.†..# %
#....#....# y.#
#..#.####.######
#..##
#.####†##...##......


You could see a killer bee (berserk).

Vanquished Creatures
  The ghost of RedSky the Skirmisher, a novice FoAK of Lugonu (D:6)
  A fire bat (D:7)
  A water moccasin (D:7)
  3 slaves (D:7)
  A necrophage (D:6)
  3 ogres
  A centaur (D:7)
  A bullfrog (D:5)
  6 killer bees (D:8)
  2 howler monkeys
  2 crimson imps
  A quasit (D:6)
  A bullfrog skeleton (D:7)
  2 centaur zombies (Ossuary)
  A gnoll shaman (D:5)
  5 hounds
  A human zombie (D:5)
  3 orc priests
  2 centaur skeletons
  An iguana (D:6)
  3 orc wizards
  5 worker ants
  3 big kobold zombies (Ossuary)
  2 hound skeletons
  6 mummies (Ossuary)
  A worker ant zombie (D:5)
  13 gnolls
  8 adders
  A shadow imp (D:5)
  2 adder skeletons
  2 worms
  2 dart slugs
  4 leopard geckos
  29 orcs
  2 giant cockroaches
  7 goblins
  8 hobgoblins
  8 jackals
  2 quokkas
  2 ball pythons
  5 bats
  4 frilled lizards
  A giant cockroach zombie (D:5)
  5 hobgoblin zombies (Ossuary)
  A jackal zombie (D:5)
  9 kobolds
  4 rats
  A rat zombie (D:5)
179 creatures vanquished.

Vanquished Creatures (collateral kills)
  Pikel (D:6)
  A killer bee (D:8)
  A gnoll shaman (D:5)
  A worker ant (D:7)
  3 gnolls (D:5)
7 creatures vanquished.

Vanquished Creatures (others)
  An ice beast (D:7)
  A slave (D:7)
2 creatures vanquished.

Grand Total: 188 creatures vanquished

Notes
Turn   | Place    | Note
-------+----------+-------------------------------------------
     0 | D:1      | Dawnplanks the Centaur Chaos Knight began the quest for the
                  | Orb.
     0 | D:1      | Reached XP level 1. HP: 19/19 MP: 1/1
    58 | D:1      | XOM: divination: magic mapping
    60 | D:1      | Reached XP level 2. HP: 26/26 MP: 2/2
    88 | D:1      | Reached skill level 3 in Polearms
    94 | D:1      | XOM: potion effect (agility)
   304 | D:1      | Reached XP level 3. HP: 23/31 MP: 3/3
   353 | D:1      | XOM: silly message
   430 | D:1      | XOM: harmless Chrm miscast
   747 | D:2      | Found a shattered altar of Ashenzari.
   749 | D:2      | Found a hide-covered altar of Uskayaw.
   907 | D:2      | XOM: give mutation
   907 | D:2      | Gained mutation: You are clumsy. (Dex -2) [Xom's mischief]
  1449 | D:3      | XOM: 1-stop teleportation journey
  1454 | D:3      | XOM: 1-stop teleportation journey
  1465 | D:3      | XOM: confusion
  1471 | D:3      | XOM: mild Pois miscast
  1487 | D:3      | Reached XP level 4. HP: 21/40 MP: 4/4
  1693 | D:3      | Reached skill level 4 in Polearms
  1697 | D:3      | Reached skill level 1 in Dodging
  1824 | D:3      | Found a basalt altar of Yredelemnul.
  1835 | D:3      | Found a glowing golden altar of the Shining One.
  1837 | D:3      | Noticed an angel
  1887 | D:3      | XOM: give mutations
  1887 | D:3      | Gained mutation: You are frail. (-10% HP) [Xom's mischief]
  1887 | D:3      | Gained mutation: Scrolls take you a little longer to read.
                  | [Xom's mischief]
  1887 | D:3      | Gained mutation: You cover ground extremely quickly. [Xom's
                  | mischief]
  1887 | D:3      | Lost mutation: You are frail. (-10% HP) [Xom's mischief]
  1911 | D:3      | XOM: harmless Summ miscast
  2003 | D:3      | XOM: god gift: wand of scattershot (5)
  2075 | D:3      | XOM: scenery: 1 doors open
  2149 | D:3      | XOM: medium Fire miscast
  2265 | D:3      | XOM: god gift: 2 fizzy red potions {god gift}
  2649 | D:4      | Reached XP level 5. HP: 42/46 MP: 5/5
  2773 | D:4      | XOM: cast spell 'Alistair's Intoxication'
  2928 | D:4      | Reached XP level 6. HP: 34/52 MP: 6/6
  2956 | D:4      | XOM: god gift: clouded silver amulet {god gift}
  2957 | D:4      | Got a clouded silver amulet {god gift}
  2958 | D:4      | Identified the amulet of Piax {RegenMP *Slow Str+6} (Xom
                  | gifted it to you on level 4 of the Dungeon)
  3019 | D:4      | XOM: 6-stop teleportation journey
  3396 | D:5      | Entered Level 5 of the Dungeon
  3414 | D:5      | Reached skill level 5 in Polearms
  3610 | D:5      | XOM: summons friendly white imp
  3611 | D:5      | XOM: smoke on damage
  3614 | D:5      | Reached XP level 7. HP: 17/60 MP: 7/7
  3691 | D:5      | XOM: summons 1 hostile demon
  3766 | D:5      | Found a sand-covered staircase.
  3782 | D:5      | XOM: cast spell 'Summon Mana Viper'
  3811 | Ossuary  | Entered an ossuary
  3815 | Ossuary  | XOM: confuse monster(s)
  3908 | Ossuary  | XOM: divination: detect creatures
  4187 | Ossuary  | Reached skill level 6 in Polearms
  4345 | D:5      | XOM: polymorph orc -> goblin
  4617 | D:5      | XOM: give mutation
  4617 | D:5      | Gained mutation: You are partially covered in molten
                  | scales. (AC +2) [Xom's mischief]
  4852 | D:5      | Reached skill level 5 in Fighting
  4898 | D:5      | Found Luneam Xiqi's Armour Shop.
  4898 | D:5      | Found a snail-covered altar of Cheibriados.
  4908 | D:5      | Reached XP level 8. HP: 68/68 MP: 8/8
  4982 | D:5      | XOM: god gift: lamp of fire
  5065 | D:5      | XOM: god gift: 51 gold pieces
  5230 | D:5      | Found a staircase to the Ecumenical Temple.
  5270 | Temple   | Entered the Ecumenical Temple
  5435 | D:5      | Found a shadowy altar of Dithmenos.
  5458 | D:6      | Found Atady's Assorted Antiques.
  5472 | D:6      | Reached skill level 7 in Polearms
  5491 | D:6      | Bought a buckler for 153 gold pieces
  5506 | D:6      | Found a runed door.
  5719 | D:6      | XOM: confuse monster(s)
  6134 | D:6      | XOM: scenery: create altars
  6277 | D:6      | Noticed RedSky's ghost (novice FoAK)
  6286 | D:6      | XOM: enchant monster (good)
  6289 | D:6      | XOM: god gift: 680 gold pieces
  6295 | D:6      | XOM: 4-stop teleportation journey
  6362 | D:6      | XOM: enchant monster (good)
  6365 | D:6      | XOM: confuse monster(s)
  6376 | D:6      | XOM: mild Summ miscast
  6401 | D:6      | Killed RedSky's ghost
  6454 | D:7      | Noticed Pikel
  6481 | D:6      | XOM: summons friendly iron imp
  6494 | D:6      | XOM: enchant monster (good)
  6504 | D:6      | Killed Pikel
  6504 | D:6      | Reached skill level 8 in Polearms
  6504 | D:6      | Reached XP level 9. HP: 15/78 MP: 9/9
  6821 | D:7      | XOM: scenery: 1 doors close
  6883 | D:6      | XOM: give mutations
  6883 | D:6      | Gained mutation: You are very clumsy. (Dex -4) [Xom's
                  | mischief]
  6883 | D:6      | Gained mutation: Scrolls take you longer to read. [Xom's
                  | mischief]
  6883 | D:6      | Lost mutation: Scrolls take you longer to read. [Xom's
                  | mischief]
  6883 | D:6      | Gained mutation: Your body sometimes deteriorates upon
                  | taking damage. [Xom's mischief]
  6955 | D:6      | XOM: give mutations
  6955 | D:6      | Gained mutation: You have a pair of small horns on your
                  | head. [Xom's mischief]
  6955 | D:6      | Lost mutation: You are very clumsy. (Dex -4) [Xom's
                  | mischief]
  6955 | D:6      | Gained mutation: You are weak. (Str -2) [Xom's mischief]
  6955 | D:6      | Lost mutation: You are clumsy. (Dex -2) [Xom's mischief]
  7147 | D:7      | XOM: enchant monster (good)
  7258 | D:7      | Identified Xom's Almanac of Incorporation (Xom gifted it to
                  | you on level 7 of the Dungeon)
  7258 | D:7      | XOM: god gift: Xom's Almanac of Incorporation
  7272 | D:7      | Learned a level 3 spell: Mephitic Cloud
  7313 | D:7      | Got a steaming ring mail
  7316 | D:7      | Identified the +1 ring mail of Midsummer {rPois rN+ Str+4
                  | Int-5} (You found it on level 7 of the Dungeon)
  7437 | D:7      | Found a sparkling altar of Nemelex Xobeh.
  7470 | D:7      | XOM: polymorph ice beast -> fire bat
  7595 | D:7      | XOM: noise
  7618 | D:7      | XOM: medium Pois miscast
  7651 | D:7      | Reached skill level 1 in Shields
  7659 | D:7      | Reached skill level 9 in Polearms
  7827 | D:7      | XOM: harmless Air miscast
  7854 | D:7      | XOM is BORED!
  7854 | D:7      | XOM: summons 1 hostile demon
  7965 | D:8      | Noticed a queen bee
  7971 | D:8      | XOM: summons 7 friendly demons
  8005 | D:8      | XOM: fog
  8021 | D:8      | XOM: enchant monster (good)
  8038 | D:8      | Slain by a killer bee

Vault maps used:
D:1:      scummos_arrival_simple_crosswalls
D:2:      nicolae_overflow_hidden_temple
D:3:      minmay_wonky_spiral, grunt_temple_overflow_holy_war
D:4:      first_ration
D:5:      cheibriados_altar_1, kennysheep_little_box,
          minmay_temple_entry_overgrown, enter_ossuary_3, serial_shops,
          nicolae_shop_crystal
D:6:      gammafunk_ghost_grave, serial_shops, nicolae_shop_overgrown_old_shop
D:7:      marbit_many_paths, uniq_pikel
D:8:      david_nohive_1
Temple:   regret_index_temple_waves
Ossuary:  ossuary_the_hunt_dpeg

Skill      XL: |  1  2  3  4  5  6  7  8  9 |
---------------+----------------------------+-----
Polearms       | 3 4 5 6 8 9 |  9.3
Armour         | 2 3 |  3.8
Dodging        | 1 2 3 |  3.6
Fighting       | 4 5 6 |  6.9
Shields        | 1 |  1.4

Action                   |  1- 3 |  4- 6 |  7- 9 || total
-------------------------+-------+-------+-------++-------
Melee: Spear             |   133 |   222 |   148 ||   503
       Kick              |    11 |    38 |    85 ||   134
       Trident           |       |       |   253 ||   253
       Headbutt          |       |       |    21 ||    21
Throw: Throwing net      |       |     1 |    11 ||    12
Evoke: Lamp of fire      |       |       |     1 ||     1
  Use: Scroll            |       |       |     7 ||     7
       Potion            |       |       |     1 ||     1
 Stab: Sleeping          |     1 |       |       ||     1
       Paralysed         |       |     1 |     6 ||     7
       Confused          |       |     2 |     4 ||     6
       Petrifying        |       |     1 |       ||     1
       Petrified         |       |       |    13 ||    13
       Held in net/web   |       |       |     3 ||     3
       Distracted        |       |       |     2 ||     2
  Eat: Chunk             |     1 |     5 |     9 ||    15
       Ration            |       |       |     1 ||     1
Armor: Leather armour    |    45 |    51 |    70 ||   166
       Ring mail         |       |       |    22 ||    22
Dodge: Dodged            |    51 |    74 |    79 ||   204
Block: Buckler           |       |       |    17 ||    17

Table legend:
 A = Non-vault XP
 B = Vault XP
 C = Vault XP percentage of total XP
 D = Non-vault monster count
 E = Vault monster count
 F = Vault count percentage of total count
                 A         B        C        D         E       F
            +---------+---------+-------+---------+---------+-------
      Total |    2743 |    1746 |  38.9 |     152 |      32 |  17.4
            +---------+---------+-------+---------+---------+-------
        D:1 |      42 |       0 |   0.0 |      24 |       0 |   0.0
        D:2 |      33 |       0 |   0.0 |      14 |       0 |   0.0
        D:3 |     115 |       4 |   3.4 |      25 |       3 |  10.7
        D:4 |     280 |       0 |   0.0 |      15 |       0 |   0.0
        D:5 |     818 |      44 |   5.1 |      41 |       3 |   6.8
        D:6 |     561 |     954 |  63.0 |      17 |       2 |  10.5
        D:7 |     853 |      55 |   6.1 |      13 |       1 |   7.1
        D:8 |      41 |     427 |  91.2 |       3 |       7 |  70.0
    Ossuary |       0 |     262 | 100.0 |       0 |      16 | 100.0
            +---------+---------+-------+---------+---------+-------
